Workbook

Sheet Anexo Nº 9.a - Presupuesto
C1: REDACCIÓN DEL ESTUDIO DE ALTERNATIVAS, EL PROYECTO CONSTRUCTIVO, EL ESTUDIO DE IMPACTO AMBIENTAL DE LA IMPLANTACIÓN DE LA ESTACIÓN REGENERADORA DE AGUAS DEL BESÓS Y LAS INFRAESTRUCTURAS ASOCIADAS Nº EXP.: AB/2025/228 | D1: NOMBRE LICITADOR
A3: LOTE Nº 1: Estudio de alternativas y el proyecto constructivo de la Estación Regeneradora de Aguas del Besós
A4: PRESUPUESTO
A6: PARTIDA | B6: UNIDADES | C6: DESCRIPCIÓN | D6: CANDIDAD | E6: PRECIO | F6: IMPORTE
A7: FASE 1: ESTUDIO DE ALTERNATIVAS ERA BESÓS
A8: 1.1 | B8: Ud | C8: Actividad 1 - Estudio de alternativas (incluye trabajos previos de recopilación de información, visitas de campo y estudios preliminares según descripción de los pliegos técnicos) | D8: 1 | E8: 0 | F8: =+ROUND(D8*E8,2) -> 0
A9: TOTAL FASE 1: ESTUDIO DE ALTERNATIVAS ERA BESÓS | F9: =+SUM(F8) -> 0
A10: FASE 2: PROYECTO CONSTRUCTIVO ERA BESÓS
A11: 2.1 | B11: Ud | C11: Actividad 2.1 - Trabajos de topografía (según presupuesto topografía LOTE 1 del anexo 4 del PBT - Anexo Nº 8.a) | D11: 1 | E11: =+'Anexo Nº 10.a -Pres. Topo y Geo'!F9 -> 0 | F11: =+ROUND(D11*E11,2) -> 0
A12: 2.2 | B12: Ud | C12: Actividad 2.2 - Trabajos de geotecnia (según presupuesto geotecnia LOTE 1 del anexo 5 del PBT - Anexo Nº 8.a) | D12: 1 | E12: =+'Anexo Nº 10.a -Pres. Topo y Geo'!F43 -> 0 | F12: =+ROUND(D12*E12,2) -> 0
A13: 3 | B13: Ud | C13: Actividad 3 - Proyecto Constructivo | D13: 1 | E13: 0 | F13: =+ROUND(D13*E13,2) -> 0
A14: TOTAL FASE 2: PROYECTO CONSTRUCTIVO ERA BESÓS | F14: =+SUM(F11:F13) -> 0
C15: TOTAL LOTE Nº 1 | F15: =+F9+F14 -> 0
C17: TOTAL EJECUCIÓN PARA EL CONTRATO DEL LOTE Nº 1 (SIN IVA)………………………………………. | F17: =+F15 -> 0
C19: IVA (21%) | F19: =F17*0.21 -> 0
C21: TOTAL EJECUCIÓN PARA EL CONTRATO DEL LOTE Nº 1 (CON IVA) ……………………………… | F21: =F17+F19 -> 0
C24: (LUGAR, FECHA Y FIRMA)
C29: NOTAS:
C30: 1.- Precios unitarios incluirán gastos generales y beneficio industrial.
C31: 2.- Las actividades que suponen la caracterización de los diferentes elementos se encuentran detalladas en la descripción de las actividades.
C32: 3.- Quedarán excluidas del presente procedimiento aquellas ofertas cuyo presupuesto para la Fase 1 "Estudio de alternativas" supere el 30% del valor total de los trabajos de este lote.
C35: INSTRUCCIONES:
C36: Los campos con formatos en color negro no son editables, SÓLO INTRODUCIR LOS PRECIOS UNITARIOS (EN COLOR ROJO) PARA CADA PARTIDA

Sheet Anexo Nº 10.a -Pres. Topo y Geo
C1: REDACCIÓN DEL ESTUDIO DE ALTERNATIVAS, EL PROYECTO CONSTRUCTIVO, EL ESTUDIO DE IMPACTO AMBIENTAL DE LA IMPLANTACIÓN DE LA ESTACIÓN REGENERADORA DE AGUAS DEL BESÓS Y LAS INFRAESTRUCTURAS ASOCIADAS Nº EXP.: AB/2025/228 | D1: =+'Anexo Nº 9.a - Presupuesto'!D1 -> NOMBRE LICITADOR
A3: LOTE Nº 1: Estudio de alternativas y el proyecto constructivo de la Estación Regeneradora de Aguas del Besós
A4: PRESUPUESTO DE LOS TRABAJOS DE TOPOGRAFÍA Y GEOTECNIA
A6: PARTIDA | B6: UNIDADES | C6: DESCRIPCIÓN | D6: CANDIDAD | E6: PRECIO | F6: IMPORTE
A7: 2.1 | B7: Actividad 2.1 - Trabajos de topografía (según presupuesto topografía LOTE 1 del anexo 3 del PBT - Anexo Nº 8.a)
A8: 2.1.1 | B8: Ud | C8: Levantamiento topográfico del estado actual del ámbito de la EDAR/ERA Besòs, hasta una escala de detalle mínimo de 1/200, sistema de Coordenadas: UTM 31N (ETRS89) mediante GPS y/o Estación Total, incluyendo trabajos de campo, bases de replanteo, gestión de permisos, elaboración de planos topográficos 2D y 3D en formato dwg, listados de puntos y memoria de los trabajos. Se incluye la digitalización 3D mediante sistemas de escaneado láser o similares para poder disponer de un levantamiento 3D para la modelización con BIM (archivos RCS, e57, RVT). Incluye infografía explicativa para identificar cada zona escaneada | D8: 1 | E8: 0 | F8: =+ROUND(D8*E8,2) -> 0
A9: TOTAL Actividad 2.1 - Trabajos de topografía | F9: =+SUM(F8) -> 0
A10: 2.2 | B10: Actividad 2.2 - Trabajos de geotecnia (según presupuesto geotecnia LOTE 1 del anexo 4 del PBT - Anexo Nº 8.a)
A11: 2.2.1 | B11: Ud | C11: Jornada de auscultación con georradar dual y trazador de cables eléctricos. Marcaje in situ (campaña de detección de servicios afectados en el trazado previsto). | D11: 6 | E11: 0 | F11: =+ROUND(D11*E11,2) -> 0
A12: 2.2.2 | B12: Ud | C12: Plano con los servicios detectados acotados. (Campaña de detección de servicios afectados en el trazado previsto). | D12: 1 | E12: 0 | F12: =+ROUND(D12*E12,2) -> 0
A13: 2.2.3 | B13: Ud | C13: Cata manual o mecánica, incluyendo reposición del terreno / pavimento y fotografía en color. | D13: 20 | E13: 0 | F13: =+ROUND(D13*E13,2) -> 0
A14: 2.2.4 | B14: Ud | C14: Traslado y retirada de equipo de perforación de sondeos, incluyendo personal auxiliar, al área de trabajo. | D14: 1 | E14: 0 | F14: =+ROUND(D14*E14,2) -> 0
A15: 2.2.5 | B15: Ml | C15: Sondeo vertical a rotación con extracción continua de testigo en cualquier tipo de terreno, incluyendo revestimientos si se requiriese, a cualquier profundidad, incluyendo reposición del terreno/pavimento. | D15: 60 | E15: 0 | F15: =+ROUND(D15*E15,2) -> 0
A16: 2.2.6 | B16: Ml | C16: Penetración dinámica continua. | D16: 20 | E16: 0 | F16: =+ROUND(D16*E16,2) -> 0
A17: 2.2.7 | B17: Ud | C17: Ensayo SPT. UNE 103800. | D17: 6 | E17: 0 | F17: =+ROUND(D17*E17,2) -> 0
A18: 2.2.8 | B18: Ud | C18: Toma de muestra inalterada con cualquier tipo de tomamuestras. | D18: 6 | E18: 0 | F18: =+ROUND(D18*E18,2) -> 0
A19: 2.2.9 | B19: Ud | C19: Toma de muestra parafinada. | D19: 4 | E19: 0 | F19: =+ROUND(D19*E19,2) -> 0
A20: 2.2.10 | B20: Ud | C20: Granulometría por tamizado. UNE 103101. NLT 104. | D20: 6 | E20: 0 | F20: =+ROUND(D20*E20,2) -> 0
A21: 2.2.11 | B21: Ud | C21: Límites de Atterberg. UNE 103103 y 103104. NLT 105 y 106. | D21: 6 | E21: 0 | F21: =+ROUND(D21*E21,2) -> 0
A22: 2.2.12 | B22: Ud | C22: Humedad de un suelo mediante secado en estufa. UNE 103300. NLT 102. | D22: 6 | E22: 0 | F22: =+ROUND(D22*E22,2) -> 0
... A42: 2.2.32 | B42: Ud | C42: Redacción informe y visado colegio de geólogos. | D42: 1 | E42: 0 | F42: =+ROUND(D42*E42,2) -> 0
A43: TOTAL Actividad 2.2 - Trabajos de geotecnia | F43: =+SUM(F11:F42) -> 0
C45: =+'Anexo Nº 9.a - Presupuesto'!C24 -> (LUGAR, FECHA Y FIRMA)
C49: NOTAS:
C50: 1.- Precios unitarios incluirán gastos generales y beneficio industrial.
C51: 2.- Las actividades que suponen la caracterización de los diferentes elementos se encuentran detalladas en la descripción de las actividades.
C52: 3.- Los trabajos de topografía incluyen todos los levantamientos topográficos realizados y toda la topografía necesaria para la ejecución del proyecto, independientemente de si estos se han llevado a cabo de manera continuada o interrumpida en el tiempo.
C55: INSTRUCCIONES:
C56: Los campos con formatos en color negro no son editables, SÓLO INTRODUCIR LOS PRECIOS UNITARIOS (EN COLOR ROJO) PARA CADA PARTIDA

Sheet Anexo Nº 9.b - Presupuesto
C1: REDACCIÓN DEL ESTUDIO DE ALTERNATIVAS, EL PROYECTO CONSTRUCTIVO, EL ESTUDIO DE IMPACTO AMBIENTAL DE LA IMPLANTACIÓN DE LA ESTACIÓN REGENERADORA DE AGUAS DEL BESÓS Y LAS INFRAESTRUCTURAS ASOCIADAS Nº EXP.: AB/2025/228 | D1: NOMBRE LICITADOR
A3: LOTE Nº 2: Estudio de alternativas y el proyecto constructivo del sistema de impulsión y colectores
A4: PRESUPUESTO
A6: PARTIDA | B6: UNIDADES | C6: DESCRIPCIÓN | D6: CANDIDAD | E6: PRECIO | F6: IMPORTE
A7: FASE 1: ESTUDIO DE ALTERNATIVAS SISTEMA DE IMPULSIÓN Y COLECTORES
A8: 1.1 | B8: Ud | C8: Actividad 1 - Estudio de alternativas (Incluye trabajos previos: recopilación de información, visitas campo, etc.) | D8: 1 | E8: 0 | F8: =+ROUND(D8*E8,2) -> 0
A9: TOTAL FASE 1: ESTUDIO DE ALTERNATIVAS SISTEMA DE IMPULSIÓN Y COLECTORES | F9: =+SUM(F8) -> 0
A10: FASE 2: PROYECTO CONSTRUCTIVO SISTEMA DE IMPULSIÓN Y COLECTORES
A11: 2.1 | B11: Ud | C11: Actividad 2.1 - Trabajos de topografía (según presupuesto topografía LOTE 2 del anexo 4 del PBT - Anexo Nº 8.b) | D11: 1 | E11: =+'Anexo Nº 10.b -Pres. Topo y Geo'!F11 -> 0 | F11: =+ROUND(D11*E11,2) -> 0
A12: 2.2 | B12: Ud | C12: Actividad 2.2 - Trabajos de geotecnia (según presupuesto geotecnia LOTE 2 del anexo 5 del PBT - Anexo Nº 8.b) | D12: 1 | E12: =+'Anexo Nº 10.b -Pres. Topo y Geo'!F45 -> 0 | F12: =+ROUND(D12*E12,2) -> 0
A13: 3 | B13: Ud | C13: Actividad 3 - Proyecto Constructivo | D13: 1 | E13: 0 | F13: =+ROUND(D13*E13,2) -> 0
A14: TOTAL FASE 2: PROYECTO CONSTRUCTIVO SISTEMA DE IMPULSIÓN Y COLECTORES | F14: =+SUM(F11:F13) -> 0
C15: TOTAL LOTE Nº 2 | F15: =+F9+F14 -> 0
C17: TOTAL EJECUCIÓN PARA EL CONTRATO DEL LOTE Nº 2 (SIN IVA)………………………………………. | F17: =+F15 -> 0
C19: IVA (21%) | F19: =F17*0.21 -> 0
C21: TOTAL EJECUCIÓN PARA EL CONTRATO DEL LOTE Nº 2 (CON IVA) ……………………………… | F21: =F17+F19 -> 0
C24: (LUGAR, FECHA Y FIRMA)
C29: NOTAS:
C30: 1.- Precios unitarios incluirán gastos generales y beneficio industrial.
C31: 2.- Las actividades que suponen la caracterización de los diferentes elementos se encuentran detalladas en la descripción de las actividades.
C32: 3.- Quedarán excluidas del presente procedimiento aquellas ofertas cuyo presupuesto para la Fase 1 "Estudio de alternativas" supere el 15% del valor total de los trabajos de este lote.
C35: INSTRUCCIONES:
C36: Los campos con formatos en color negro no son editables, SÓLO INTRODUCIR LOS PRECIOS UNITARIOS (EN COLOR ROJO) PARA CADA PARTIDA

Sheet Anexo Nº 10.b -Pres. Topo y Geo
C1: REDACCIÓN DEL ESTUDIO DE ALTERNATIVAS, EL PROYECTO CONSTRUCTIVO, EL ESTUDIO DE IMPACTO AMBIENTAL DE LA IMPLANTACIÓN DE LA ESTACIÓN REGENERADORA DE AGUAS DEL BESÓS Y LAS INFRAESTRUCTURAS ASOCIADAS Nº EXP.: AB/2025/228 | D1: =+'Anexo Nº 9.b - Presupuesto'!D1 -> NOMBRE LICITADOR
A3: LOTE Nº 2: Estudio de alternativas y el proyecto constructivo del sistema de impulsión y colectores
A6: PARTIDA | B6: UNIDADES | C6: DESCRIPCIÓN | D6: CANDIDAD | E6: PRECIO | F6: IMPORTE
A7: 2.1 | B7: Actividad 2.1 - Trabajos de topografía (según presupuesto topografía LOTE 2 del anexo 3 del PBT - Anexo Nº 8.b)
A8: 2.1.1 | B8: Ml | C8: Levantamiento topográfico de una franja de terreno de 25 m de anchura a lo largo del eje de la tubería proyectada, para una escala de detalle mínimo de 1/500, sistema de coordenadas: UTM 31N (ETRS89), mediante GPS y/o Estación Total, incluyendo trabajos de campo, bases de replanteo, gestión de permisos, elaboración de planos topográficos en formato dwg, listados de puntos y memoria de los trabajos. | D8: 15000 | E8: 0 | F8: =+ROUND(D8*E8,2) -> 0
A9: 2.1.2 | B9: Ud | C9: Levantamiento topográfico de detalle ámbito bombeo dentro de la planta, hasta una escala de detalle mínimo de 1/200, sistema de Coordenadas: UTM 31N (ETRS89) mediante GPS y/o Estación Total, incluyendo trabajos de campo, bases de replanteo, gestión de permisos, elaboración de planos topográficos 2D y 3D en formato dwg, listados de puntos y memoria de los trabajos. Se incluye la digitalización 3D mediante sistemas de escaneado láser o similares para poder disponer de un levantamiento 3D para la modelización con BIM (archivos RCS, e57, RVT). Incluye infografía explicativa para identificar cada zona escaneada. | D9: 1 | E9: 0 | F9: =+ROUND(D9*E9,2) -> 0
A10: 2.1.3 | B10: Ha | C10: Levantamiento topográfico de detalle hasta una escala de detalle mínimo de 1/200, sistema de Coordenadas: UTM 31N (ETRS89) mediante GPS y/o Estación Total, incluyendo trabajos de campo, bases de replanteo, gestión de permisos, elaboración de planos topográficos 2D y 3D en formato dwg, listados de puntos y memoria de los trabajos. Se incluyen sistemas de escaneado láser o similares para poder disponer de un levantamiento 3D. | D10: 20 | E10: 0 | F10: =+ROUND(D10*E10,2) -> 0
A11: TOTAL Actividad 2.1 - Trabajos de topografía | F11: =+SUM(F8:F10) -> 0
A12: 2.2 | B12: Actividad 2.2 - Trabajos de geotecnia (según presupuesto geotecnia LOTE 2 del anexo 4 del PBT - Anexo Nº 8.b)
A13: 2.2.1 | B13: Ud | C13: Jornada de auscultación con georradar dual y trazador de cables eléctricos. Marcaje in situ (campaña de detección de servicios afectados en el trazado previsto). | D13: 6 | E13: 0 | F13: =+ROUND(D13*E13,2) -> 0
A14: 2.2.2 | B14: Ud | C14: Plano con los servicios detectados acotados. (Campaña de detección de servicios afectados en el trazado previsto) | D14: 1 | E14: 0 | F14: =+ROUND(D14*E14,2) -> 0
A15: 2.2.3 | B15: Ud | C15: Cata manual o mecánica, incluyendo reposición del terreno / pavimento y fotografía en color. | D15: 20 | E15: 0 | F15: =+ROUND(D15*E15,2) -> 0
A16: 2.2.4 | B16: Ud | C16: Traslado y retirada de equipo de perforación de sondeos, incluyendo personal auxiliar, al área de trabajo. | D16: 1 | E16: 0 | F16: =+ROUND(D16*E16,2) -> 0
A17: 2.2.5 | B17: Ml | C17: Sondeo vertical a rotación con extracción continua de testigo en cualquier tipo de terreno, incluyendo revestimientos si se requiriese, a cualquier profundidad, incluyendo reposición del terreno/pavimento. | D17: 160 | E17: 0 | F17: =+ROUND(D17*E17,2) -> 0
A18: 2.2.6 | B18: Ml | C18: Penetración dinámica continua | D18: 50 | E18: 0 | F18: =+ROUND(D18*E18,2) -> 0
A19: 2.2.7 | B19: Ud | C19: Ensayo SPT. UNE 103800. | D19: 16 | E19: 0 | F19: =+ROUND(D19*E19,2) -> 0
A20: 2.2.8 | B20: Ud | C20: Toma de muestra inalterada con cualquier tipo de tomamuestras. | D20: 20 | E20: 0 | F20: =+ROUND(D20*E20,2) -> 0
A21: 2.2.9 | B21: Ud | C21: Toma de muestra parafinada. | D21: 10 | E21: 0 | F21: =+ROUND(D21*E21,2) -> 0
A22: 2.2.10 | B22: Ud | C22: Granulometría por tamizado. UNE 103101. NLT 104. | D22: 20 | E22: 0 | F22: =+ROUND(D22*E22,2) -> 0
A23: 2.2.11 | B23: Ud | C23: Límites de Atterberg. UNE 103103 y 103104. NLT 105 y 106. | D23: 20 | E23: 0 | F23: =+ROUND(D23*E23,2) -> 0
A24: 2.2.12 | B24: Ud | C24: Humedad de un suelo mediante secado en estufa. UNE 103300. NLT 102. | D24: 10 | E24: 0 | F24: =+ROUND(D24*E24,2) -> 0
... A44: 2.2.32 | B44: Ud | C44: Redacción informe y visado Colegio de Geólogos. | D44: 1 | E44: 0 | F44: =+ROUND(D44*E44,2) -> 0
A45: TOTAL Actividad 2.2 - Trabajos de geotecnia | F45: =+SUM(F13:F44) -> 0
C47: =+'Anexo Nº 9.b - Presupuesto'!C24 -> (LUGAR, FECHA Y FIRMA)
C51: NOTAS:
C52: 1.- Precios unitarios incluirán gastos generales y beneficio industrial.
C53: 2.- Las actividades que suponen la caracterización de los diferentes elementos se encuentran detalladas en la descripción de las actividades.
C54: 3.- Los trabajos de topografía incluyen todos los levantamientos topográficos realizados y toda la topografía necesaria para la ejecución del proyecto, independientemente de si estos se han llevado a cabo de manera continuada o interrumpida en el tiempo.
C57: INSTRUCCIONES:
C58: Los campos con formatos en color negro no son editables, SÓLO INTRODUCIR LOS PRECIOS UNITARIOS (EN COLOR ROJO) PARA CADA PARTIDA

Sheet Anexo Nº 9.c - Presupuesto
C1: REDACCIÓN DEL ESTUDIO DE ALTERNATIVAS, EL PROYECTO CONSTRUCTIVO, EL ESTUDIO DE IMPACTO AMBIENTAL DE LA IMPLANTACIÓN DE LA ESTACIÓN REGENERADORA DE AGUAS DEL BESÓS Y LAS INFRAESTRUCTURAS ASOCIADAS Nº EXP.: AB/2025/228 | D1: NOMBRE LICITADOR
A3: LOTE Nº 3: Estudio de impacto ambiental
A4: PRESUPUESTO
A6: PARTIDA | B6: UNIDADES | C6: DESCRIPCIÓN | D6: CANDIDAD | E6: PRECIO | F6: IMPORTE
A7: ESTUDIO DE IMPACTO AMBIENTAL ERA BESÓS
A8: 1.1 | B8: Ud | C8: Actividad 1.1 - Evaluación de Impacto Ambiental (Incluye recopilación de información, visitas a campo, redacción del Estudio de Impacto Ambiental, consultas e información pública). | D8: 1 | E8: 0 | F8: =+ROUND(D8*E8,2) -> 0
A9: 1.2 | B9: Ud | C9: Actividad 1.2 - Redacción del Documento Ambiental (fase proyecto constructivo). | D9: 1 | E9: 0 | F9: =+ROUND(D9*E9,2) -> 0
A10: TOTAL ESTUDIO DE IMPACTO AMBIENTAL ERA BESÓS | F10: =+SUM(F8) -> 0
A11: ESTUDIO DE IMPACTO AMBIENTAL SISTEMA DE IMPULSIÓN Y COLECTORES
A12: 2.1 | B12: Ud | C12: Actividad 2.1 - Evaluación de Impacto Ambiental (Incluye recopilación de información, visitas a campo, redacción del Estudio de Impacto Ambiental, consultas e información pública) | D12: 1 | E12: 0 | F12: =+ROUND(D12*E12,2) -> 0
A13: 2.2 | B13: Ud | C13: Actividad 2.2 - Redacción del Documento Ambiental (fase proyecto constructivo). | D13: 1 | E13: 0 | F13: =+ROUND(D13*E13,2) -> 0
A14: TOTAL ESTUDIO DE IMPACTO AMBIENTAL SISTEMA DE IMPULSIÓN Y COLECTORES | F14: =+SUM(F12:F13) -> 0
C15: TOTAL LOTE Nº 3 | F15: =+F10+F14 -> 0
C17: TOTAL EJECUCIÓN PARA EL CONTRATO DEL LOTE Nº 3 (SIN IVA)………………………………………. | F17: =+F15 -> 0
C19: IVA (21%) | F19: =F17*0.21 -> 0
C21: TOTAL EJECUCIÓN PARA EL CONTRATO DEL LOTE Nº 3 (CON IVA) ……………………………… | F21: =F17+F19 -> 0
C24: (LUGAR, FECHA Y FIRMA)
C29: NOTAS:
C30: 1.- Precios unitarios incluirán gastos generales y beneficio industrial.
C31: 2.- Las actividades que suponen la caracterización de los diferentes elementos se encuentran detalladas en la descripción de las actividades.
C32: 3.- Quedarán excluidas del procedimiento las ofertas cuya suma de las partidas 1.1 y 2.1 del presupuesto supere el 70% del valor total de los trabajos de este lote.
C35: INSTRUCCIONES:
C36: Los campos con formatos en color negro no son editables, SÓLO INTRODUCIR LOS PRECIOS UNITARIOS (EN COLOR ROJO) PARA CADA PARTIDA
